 Dungeon Crawl Stone Soup version 0.30-a0-571-gdf30a72648 (webtiles) character file.

Game seed: 3375172487504137856

121 bobo the Magician (level 4, 0/24 HPs)
             Began as a Deep Elf Air Elementalist on Dec 29, 2022.
             Killed by their own static electricity (4 damage)
             ... in a sewer.
             The game lasted 00:08:02 (2700 turns).

bobo the Magician (Deep Elf Air Elementalist)       Turns: 2700, Time: 00:08:03

Health: 0/24       AC:  3    Str:  5    XL:     4   Next: 77%
Magic:  4/12       EV: 12    Int: 22    God:
Gold:   94         SH:  0    Dex: 15    Spells: 2/12 levels left

rFire   . . .      SeeInvis .    e - +2 whip (freeze)
rCold   . . .      Faith    .    (no shield)
rNeg    . . .      Spirit   .    a - +0 robe
rPois   .          Reflect  .    (no helmet)
rElec   .          Harm     .    (no cloak)
rCorr   .          Rampage  .    m - +0 pair of gloves
Will    .....                    (no boots)
Stlth   ++                       (no amulet)
HPRegen 0.24/turn                (no ring)
MPRegen 0.13/turn                (no ring)

@: very slightly contaminated
A: no striking features
a: no special abilities


You were in a sewer.
You visited 1 branch of the dungeon, and saw 3 of its levels.
You also visited: Sewer.

You collected 94 gold pieces.

Inventory:

Hand Weapons
 e - a +2 whip of freezing (weapon)
Missiles
 c - 6 datura-tipped darts
Armour
 a - a +0 robe (worn)
 j - a scarf of harm
 m - a +0 pair of gloves (worn)
Scrolls
 f - a scroll of vulnerability {unknown}
 g - 3 scrolls of identify {unknown}
 i - a scroll of enchant armour {unknown}
 k - a scroll of enchant weapon {unknown}
Potions
 b - a potion of magic
 d - 2 potions of mutation {unknown}
 h - a potion of flight {unknown}
 l - a potion of lignification {unknown}


   Skills:
 - Level 2.4 Dodging
 - Level 2.4 Stealth
 + Level 4.6 Spellcasting
 + Level 3.0 Conjurations
 + Level 4.0 Air Magic


You had 2 spell levels left.
You knew the following spells:

 Your Spells              Type           Power      Damage    Failure   Level
a - Shock                 Conj/Air       80%        1d8       2%          1
b - Static Discharge      Conj/Air       40%        2-4/arc   3%          2
c - Swiftness             Air            22%        N/A       6%          3
d - Airstrike             Air            11%        2d(2-18)  21%         4

Your spell library contained the following spells:

 Spells                   Type           Power      Damage    Failure   Level


Dungeon Overview and Level Annotations

Branches:
Dungeon (3/15)              Sewer (1/1)

Altars:


Message History

The bullfrog attacks as you move away! The bullfrog misses you.
The bullfrog hits you. The bullfrog attacks as you move away!
The bullfrog hits you but does no damage.
The bullfrog completely misses you.
Casting: Shock (safe; 2% risk of failure)
Confirm with . or Enter, or press ? or * to list all spells.
Aiming: Shock (safe; 2% risk of failure)
Press: ? - help, Shift-Dir - straight line, f - bullfrog
Aim: a bullfrog (64% to hit)
Okay, then.
Casting: Shock (safe; 2% risk of failure)
Confirm with . or Enter, or press ? or * to list all spells.
The bullfrog is struck by an arc of lightning.
The bullfrog is moderately wounded.
You are struck by an arc of lightning.
The bullfrog is struck by an arc of lightning.
The bullfrog is heavily wounded.
You are struck by an arc of lightning.
The lightning grounds out.
The bullfrog closely misses you.
Casting: Static Discharge (safe; 3% risk of failure)
Confirm with . or Enter, or press ? or * to list all spells.
You miscast Static Discharge.
You are very lightly contaminated with residual magic.
Nothing appears to happen.
The bullfrog hits you but does no damage.
The bullfrog hits you.
Casting: Static Discharge (safe; 3% risk of failure)
Confirm with . or Enter, or press ? or * to list all spells.
The bullfrog is struck by an arc of lightning.
The bullfrog is heavily wounded.
You are struck by an arc of lightning.
The lightning grounds out.
The bullfrog hits you.
* * * LOW HITPOINT WARNING * * *
Casting: Static Discharge (safe; 3% risk of failure)
Confirm with . or Enter, or press ? or * to list all spells.
The bullfrog is struck by an arc of lightning.
The bullfrog is almost dead.
You are struck by an arc of lightning.
You die...

########################≈###
..†~~.~..~.....~~~.~~.~.≈..#
~~~~~~~~~~~~~~~~≈~~~~~~~≈~.#
~≈≈≈≈≈≈≈≈≈≈≈≈≈≈≈≈≈≈≈≈≈≈≈≈~.#
~~~~~~~~~~~~~~~~~~≈~~~~~~~.#
..†.~~~.†.~~..~~~~≈~~~~~~..#
################~~≈~.##~~~##
# #~~≈~~##~~~# #
#@~≈~~##~~~# # ######
#F~≈~.##~~.# #
##≈≈≈≈≈###.~≈~.##~~.# #
#≈≈≈≈≈≈≈≈#.~≈~.##~~.# #
≈≈≈≈≈≈≈≈≈#.~≈~.##...# #
≈≈≈≈≈≈≈~≈~.~≈~.###~## #
≈≈≈≈≈≈≈≈~≈.~≈~.# #.# #
≈≈≈~≈≈≈≈≈≈.~≈~.# #.# #
≈≈.~.≈≈≈≈≈.~≈~.# #∩#


You could see a bullfrog.

Vanquished Creatures
  2 gnolls (D:1)
  2 adders (Sewer)
  A river rat (D:3)
  2 worms
  7 bats
  An endoplasm (D:2)
  13 giant cockroaches
  5 goblins
  4 hobgoblins (D:1)
  4 quokkas
  7 ball pythons
  10 frilled lizards
  3 kobolds (D:2)
  4 rats
65 creatures vanquished.

Notes
Turn   | Place    | Note
-------+----------+-------------------------------------------
     0 | D:1      | bobo the Deep Elf Air Elementalist began the quest for the
                  | Orb.
     0 | D:1      | Reached XP level 1. HP: 10/10 MP: 6/6
    31 | D:1      | Reached XP level 2. HP: 2/15 MP: 1/8
   598 | D:1      | Found a faded altar of an unknown god.
   654 | D:1      | Reached XP level 3. HP: 19/19 MP: 8/10
   658 | D:1      | Learned a level 2 spell: Static Discharge
   662 | D:1      | Learned a level 3 spell: Swiftness
  2102 | D:3      | Reached XP level 4. HP: 24/24 MP: 9/12
  2107 | D:3      | Learned a level 4 spell: Airstrike
  2113 | D:3      | Found a glowing drain.
  2121 | Sewer    | Entered a sewer
  2689 | Sewer    | Noticed a bullfrog
  2691 | Sewer    | Noticed a bullfrog
  2700 | Sewer    | Killed from afar by themself

Illustrated notes

Levels and vault maps discovered:
D:1:      lemuel_arrival_lava_pool, layout_loops_cross, basic_ecumenical_altar
D:2:      layout_loops_ring, kennysheep_generic_room_16
D:3:      layout_rooms, portal_sewer_entry_e, serial_shops, shop
Sewer:    sewer_frog_island_01

Skill      XL: |  1  2  3  4 |
---------------+-------------+-----
Conjurations   | 2 3 |  3.0
Spellcasting   | 4 |  4.6
Air Magic      | 4 |  4.0
Dodging        | |  2.4
Stealth        | |  2.4

Action                   |  1- 3 |  4- 6 || total
-------------------------+-------+-------++-------
Melee: Whip              |       |     2 ||     2
 Cast: Shock             |    78 |    41 ||   119
       Static Discharge  |     4 |     8 ||    12
Armor: Robe              |     4 |     4 ||     8
Dodge: Dodged            |    12 |    11 ||    23

Table legend: (Time is in decaauts)
 A = Elapsed time spent in this place.
 B = Non-inter-level travel time spent in this place.
 C = Inter-level travel time spent in this place.
 D = Time resting spent in this place.
 E = Time spent auto-exploring this place.
 F = Levels seen in this place.
 G = Mean time per level.
                   A        B        C        D        E       F      G
               +--------+--------+--------+--------+--------+-----+--------+
         Total |   2726 |   2679 |     47 |    294 |   2023 |   4 |  681.5 |
       Dungeon |   2122 |   2075 |     47 |    256 |   1578 |   3 |  707.3 |
         Sewer |    603 |    603 |      0 |     38 |    445 |   1 |  603.0 |
               +--------+--------+--------+--------+--------+-----+--------+

Top non-repeatable levels by time:
     D:1: 1077 daAuts
     D:2: 868 daAuts
   Sewer: 603 daAuts
     D:3: 176 daAuts
